 Dungeon Crawl Stone Soup version 0.27-a0-1036-g8e1b44f6bd (webtiles) character file.

Game seed: 11920158245523592877

1285 Anon1729 the Covert (level 8, -2/36 HPs)
             Began as a Spriggan Hedge Wizard on Apr 18, 2021.
             Killed by divine providence
             ... invoked by an orc priest
              (12 damage)
             ... on level 5 of the Dungeon.
             The game lasted 00:22:05 (10450 turns).

Anon1729 the Covert (Spriggan Hedge Wizard)        Turns: 10450, Time: 00:22:06

Health: -2/36      AC:  3    Str:  6    XL:     8   Next: 29%
Magic:  18/18      EV: 19    Int: 18    God:
Gold:   160        SH:  0    Dex: 14    Spells: 19/20 levels left

rFire    . . .     SeeInvis +   x - +0 short sword (venom)
rCold    . . .     Faith    .   (shield restricted)
rNeg     . . .     Spirit   .   b - +0 robe
rPois    .         Reflect  .   c - +0 hat
rElec    .         Harm     .   w - +0 cloak
rCorr    .         Rampage  .   (gloves unavailable)
Will     +....                  (boots unavailable)
Stlth    ++++......             u - amulet of the acrobat
HPRegen  0.12/turn              (no ring)
MPRegen  0.16/turn              (no ring)

@: very quick
A: very small, no large weapons, unfitting armour, see invisible, speed 3
a: no special abilities


You were on level 5 of the Dungeon.
You visited 1 branch of the dungeon, and saw 6 of its levels.

You collected 160 gold pieces.

Inventory:

Hand Weapons
 a - a +0 dagger
 j - a +0 dagger of freezing
 v - a +0 dagger of chaos
 x - a +0 short sword of venom (weapon)
Missiles
 l - 50 arrows
 s - 2 poisoned darts (quivered)
Armour
 b - a +0 robe (worn)
 c - a +0 hat (worn)
 w - a +0 cloak (worn)
 y - +0 fire dragon scales
Jewellery
 u - an amulet of the acrobat (around neck)
Scrolls
 d - a scroll of amnesia {unknown}
 e - 2 scrolls of teleportation
 f - a scroll of fear {unknown}
 k - 3 scrolls of identify {unknown}
 m - a scroll of magic mapping {unknown}
 n - 2 scrolls of acquirement {unknown}
 o - a scroll of silence {unknown}
 q - 3 scrolls of noise {unknown}
 t - a scroll of fog {unknown}
Potions
 g - 3 potions of brilliance {unknown}
 h - 2 potions of curing {unknown}
 i - 2 potions of ambrosia {unknown}
 p - a potion of flight {unknown}
 r - a potion of lignification {unknown}
 z - 2 potions of mutation {unknown}


   Skills:
 + Level 4.6 Short Blades
 + Level 6.3 Dodging
 * Level 10.2 Stealth
 + Level 6.6 Spellcasting
 - Level 1.0 Conjurations
 - Level 0.8 Summonings
 - Level 2.1 Translocations


You had 19 spell levels left.
You knew the following spells:

 Your Spells              Type           Power      Damage    Failure   Level
a - Magic Dart            Conj           36%        1d4       8%          1

Your spell library contained the following spells:

 Spells                   Type           Power      Damage    Failure   Level
 Blink                    Tloc           N/A        N/A       7%          2
 Summon Small Mammal      Summ           32%        N/A       9%          1
 Animate Skeleton         Necr           10%        N/A       12%         1
 Pain                     Necr           20%        1d5       12%         1
 Call Imp                 Summ           8%         N/A       12%         2
 Slow                     Hex            5%         N/A       17%         2
 Call Canine Familiar     Summ           8%         N/A       24%         3
 Conjure Flame            Conj/Fire      7%         6-21      28%         3
 Summon Guardian Golem    Hex/Summ       7%         N/A       28%         3
 Mephitic Cloud           Conj/Pois/Air  7%         N/A       30%         3
 Vampiric Draining        Necr           2%         2d6       34%         3
 Summon Ice Beast         Ice/Summ       7%         N/A       67%         4
 Summon Lightning Spire   Summ/Air       7%         N/A       67%         4
 Animate Dead             Necr           2%         N/A       75%         4
 Agony                    Necr           5%         N/A       97%         5


Dungeon Overview and Level Annotations

Branches:
Dungeon (6/15)
 Temple: D:4-7

Altars:
Makhleb
Wu Jian
Xom

Annotations:
D:2 Sigmund, Terence


Innate Abilities, Weirdness & Mutations

You are very small and have problems with some larger weapons.
You are too small for most types of armour.
You have supernaturally acute eyesight. (SInv)
You cover ground extremely quickly. (Speed+++)


Message History

The gnoll is moderately wounded.
The gnoll barely misses you.
You hit the gnoll.
The gnoll looks as sick as possible!
The gnoll is severely wounded.
You kill the gnoll!
Things that are here:
a +0 flail; a gnoll corpse
s - a poisoned dart
s - 2 poisoned darts (gained 1)
You see here a poisoned dart.
An orc priest is nearby!
An orc priest is nearby!
An orc priest is nearby!
An orc priest comes into view. It is wielding a +0 hand axe.
The orc priest shouts! x2
There is a stone staircase leading down, spattered with blood here.
Items here: ( )) รท.
You barely miss the orc priest. The orc priest barely misses you.
You hit the orc priest.
The orc priest is poisoned.
The orc priest is lightly wounded.
The orc priest calls upon Beogh to heal the orc priest.
The orc priest's wounds heal themselves!
The orc priest mumbles some strange prayers to Beogh against you.
Beogh smites you!
You barely miss the orc priest. You hit the orc priest.
The orc priest looks as sick as possible!
The orc priest is lightly wounded.
The orc priest misses you.
The orc priest invokes the aid of Beogh against you.
Pain shoots through your body!
There is a stone staircase leading down, spattered with blood here.
The orc priest mumbles some strange prayers to Beogh against you.
Pain shoots through your body!
* * * LOW HITPOINT WARNING * * *
There is a stone staircase leading down, spattered with blood here.
The orc priest barely misses you.
The orc priest calls down the wrath of Beogh upon you.
Beogh smites you!
You die...

####### #..# #...........[...#
#..# ######.#####.#..# #.## #.#
#.# o. ####.# #.#####.#o..
#....# #.#....... #########.##.#
#.#...g.# #.........##.#
###.#>....#
#.##########.#######.#.#.....#..
#.# #..(.@oo............. #.##
#######.....#.####.#. ...#
#.......... #..# ##.....#.###
#..# ##############...##.#
#.)###...............###.#
.......############### #.#
##.##### #.# #.# .#


You could see 2 orc priests.

Vanquished Creatures
  Grinder (D:5)
  Menkaure (D:5)
  Duvessa (D:5)
  A necrophage (D:5)
  2 black bears
  Dowan (D:5)
  A crimson imp (D:4)
  2 orc priests
  A hound (D:5)
  A bullfrog skeleton (D:5)
  2 centaur skeletons
  Jessica (D:2)
  An iguana (D:6)
  An orc wizard (D:4)
  A killer bee zombie (D:5)
  A hound skeleton (D:4)
  Robin (D:2)
  8 gnolls
  5 adders
  3 worms (D:3)
  2 dart slugs (D:3)
  8 orcs
  9 bats
  7 endoplasms
  2 giant cockroaches (D:1)
  12 goblins
  11 hobgoblins
  3 jackals
  A quokka (D:2)
  6 ball pythons
  3 frilled lizards
  5 kobolds
  6 rats
111 creatures vanquished.

Notes
Turn   | Place    | Note
-------+----------+-------------------------------------------
     0 | D:1      | Anon1729 the Spriggan Hedge Wizard began the quest for the
                  | Orb.
     0 | D:1      | Reached XP level 1. HP: 9/9 MP: 6/6
   310 | D:1      | Reached XP level 2. HP: 13/13 MP: 2/8
   772 | D:1      | Found a faded altar of an unknown god.
   786 | D:1      | Reached skill level 1 in Conjurations
  1060 | D:1      | Reached skill level 4 in Stealth
  1305 | D:2      | Reached skill level 1 in Short Blades
  1305 | D:2      | Reached XP level 3. HP: 16/16 MP: 9/9
  1610 | D:2      | Noticed Jessica
  1613 | D:2      | Killed Jessica
  1640 | D:2      | Reached XP level 4. HP: 7/21 MP: 3/11
  2233 | D:2      | Noticed Robin
  2528 | D:2      | Killed Robin
  2529 | D:2      | Reached skill level 5 in Stealth
  2745 | D:2      | Noticed Sigmund
  3896 | D:3      | Noticed Terence
  4064 | D:3      | HP: 1/21 [Terence/+0 short sword (10)]
  4779 | D:4      | Reached XP level 5. HP: 24/24 MP: 9/13
  4781 | D:4      | Noticed a black bear
  5276 | D:4      | Killed a black bear
  5277 | D:4      | Reached skill level 6 in Stealth
  5277 | D:4      | Reached skill level 5 in Spellcasting
  5548 | D:4      | Reached XP level 6. HP: 15/28 MP: 14/14
  6132 | D:4      | Found a burning altar of Makhleb.
  6133 | D:4      | Found a shimmering altar of Xom.
  6273 | D:5      | Entered Level 5 of the Dungeon
  6649 | D:5      | Noticed Menkaure
  7041 | D:4      | Reached skill level 7 in Stealth
  7336 | D:5      | Killed Menkaure
  7337 | D:5      | Reached XP level 7. HP: 27/32 MP: 12/16
  8064 | D:4      | Reached skill level 5 in Dodging
  8283 | D:5      | Reached skill level 8 in Stealth
  8323 | D:5      | Noticed Dowan
  8325 | D:5      | Noticed Duvessa
  9179 | D:5      | Found an ornate altar of the Wu Jian Council.
  9238 | D:5      | Noticed Grinder
  9241 | D:5      | Killed Grinder
  9242 | D:5      | Reached skill level 9 in Stealth
  9242 | D:5      | Reached XP level 8. HP: 36/36 MP: 16/18
  9421 | D:5      | Killed Dowan
  9629 | D:5      | Killed Duvessa
  9942 | D:6      | Reached skill level 10 in Stealth
 10450 | D:5      | Killed from afar by an orc priest

Illustrated notes

Levels and vault maps discovered:
D:1:      zaba_arrival_water, layout_basic, basic_ecumenical_altar
D:2:      layout_loops_ring, uniq_jessica, uniq_robin, uniq_sigmund
D:3:      layout_basic, minmay_misc_feat_diagonals, uniq_terence
D:4:      layout_rooms, grunt_temple_overflow_champion_of_chaos
D:5:      layout_loops_ring, nzn_wu_jian_council_hall, uniq_duvessa,
          uniq_grinder, uniq_menkaure
D:6:      cheibrodos_fzero, layout_basic, temple_green

Skill      XL: |  1  2  3  4  5  6  7  8 |
---------------+-------------------------+-----
Translocations | 2 |  2.1
Conjurations   | 1 |  1.0
Stealth        | 4 5 6 7 9 10 | 10.2
Short Blades   | 1 2 3 4 |  4.6
Dodging        | 3 4 5 6 |  6.3
Spellcasting   | 5 6 |  6.6
Summonings     | |  0.8

Action                   |  1- 3 |  4- 6 |  7- 9 || total
-------------------------+-------+-------+-------++-------
Melee: Dagger            |     9 |    47 |    11 ||    67
       Short sword       |       |       |   108 ||   108
Throw: Boomerang         |       |    42 |       ||    42
       Dart              |       |    23 |    23 ||    46
 Cast: Magic Dart        |    81 |   253 |    75 ||   409
Evoke: Wand              |       |     2 |     4 ||     6
  Use: Scroll            |       |     1 |       ||     1
 Stab: Sleeping          |     2 |     3 |       ||     5
Armor: Robe              |     1 |     8 |    11 ||    20
Dodge: Dodged            |    19 |   150 |   115 ||   284

Table legend: (Time is in decaauts)
 A = Elapsed time spent in this place.
 B = Non-inter-level travel time spent in this place.
 C = Inter-level travel time spent in this place.
 D = Time resting spent in this place.
 E = Time spent auto-exploring this place.
 F = Levels seen in this place.
 G = Mean time per level.
                   A        B        C        D        E       F      G
               +--------+--------+--------+--------+--------+-----+--------+
         Total |   8855 |   8639 |    216 |   3974 |   3156 |   6 | 1475.8 |
       Dungeon |   8855 |   8639 |    216 |   3974 |   3156 |   6 | 1475.8 |
               +--------+--------+--------+--------+--------+-----+--------+

Top non-repeatable levels by time:
     D:4: 2555 daAuts
     D:5: 1797 daAuts
     D:2: 1591 daAuts
     D:3: 1584 daAuts
     D:1: 1086 daAuts
     D:6: 240 daAuts
